 Dungeon Crawl Stone Soup version 0.29.1-1-gd02db6906a (webtiles) character file.

Game seed: 13952887975730562853

37560 Zeld the Severer (level 13, -2/183 HPs)
             Began as a Minotaur Berserker on Oct 17, 2022.
             Was a High Priest of Trog.
             Slain by a red ugly thing (23 damage)
             ... on level 14 of the Dungeon.
             The game lasted 00:13:27 (15746 turns).

Zeld the Severer (Minotaur Berserker)              Turns: 15746, Time: 00:13:28

Health: -2/183     AC:  9    Str: 30    XL:     13   Next: 59%
Magic:  12/12      EV: 16    Int:  7    God:    Trog [*****.]
Gold:   1008       SH:  5    Dex: 11    Spells: 12/12 levels left

rFire   . . .      SeeInvis .   a - +1 executioner's axe (freeze)
rCold   . . .      Faith    .   (shield currently unavailable)
rNeg    + . .      Spirit   .   b - +2 troll leather armour of Ciuhigue {rN+ Regen+ Str+4 Int+3 Slay+2}
rPois   .          Reflect  +   G - +2 hat
rElec   .          Harm     .   I - +0 cloak
rCorr   .          Rampage  .   p - +0 pair of gloves
Will    +....                   g - +2 pair of boots {Stlth+}
Stlth   ..........              F - amulet of reflection
HPRegen 1.20/turn               j - ring of willpower
MPRegen 0.13/turn               (no ring)

@: berserking, corroded, very quick
A: horns 2, retaliatory headbutt
a: Renounce Religion, Berserk, Trog's Hand, Brothers in Arms


You were on level 14 of the Dungeon.
You worshipped Trog.
Trog was extremely pleased with you.
You visited 2 branches of the dungeon, and saw 15 of its levels.

You collected 1008 gold pieces.

Inventory:

Hand Weapons
 a - a +1 executioner's axe of freezing (weapon)
Armour
 b - the +2 troll leather armour of Ciuhigue (worn) {rN+ Regen+ Str+4 Int+3 Slay+2}
   (You found it on level 3 of the Dungeon)

   Str:       It affects your strength (+4).
   Int:       It affects your intelligence (+3).
   Slay:      It affects your accuracy & damage with ranged weapons and melee
   (+2).
   rN:        It protects you from negative energy.
   Regen:     It increases your rate of health regeneration.
 g - a +2 pair of boots of stealth (worn)
 p - a +0 pair of gloves (worn)
 G - a +2 hat (worn)
 I - a +0 cloak (worn)
Jewellery
 j - a ring of willpower (left hand)
 F - an amulet of reflection (around neck)
Wands
 h - a wand of mindburst (16)
 r - a wand of digging (7)
 x - a wand of roots (11)
 y - a wand of flame (11)
 A - a wand of paralysis (10)
 B - a wand of light (24)
 C - a wand of polymorph (16)
Scrolls
 i - a scroll of silence
 k - 2 scrolls of fear
 n - 3 scrolls of blinking
 o - 2 scrolls of magic mapping
 t - a scroll of summoning
 v - 3 scrolls of identify
 D - 4 scrolls of enchant armour
 K - 3 scrolls of teleportation
Potions
 c - 6 potions of curing {unknown}
 d - 3 potions of might {unknown}
 e - 2 potions of degeneration {unknown}
 f - a potion of brilliance {unknown}
 q - 2 potions of haste {unknown}
 s - 6 potions of mutation {unknown}
 u - 3 potions of heal wounds
 w - 2 potions of resistance {unknown}
 z - a potion of invisibility {unknown}
 H - 4 potions of attraction {unknown}
Miscellaneous
 J - a piece from Xom's chessboard (15/15)


   Skills:
 + Level 13.2 Fighting
 * Level 17.9 Axes
 + Level 12.9 Armour
 + Level 11.9 Dodging


You had 12 spell levels left.
You didn't know any spells.
Your spell library was empty.

Dungeon Overview and Level Annotations

Branches:
Dungeon (14/15)            Temple (1/1) D:6            Lair (0/5) D:10
    Orc (0/2) D:12         Vaults (0/5) D:13

Altars:
Ashenzari
Cheibriados
Dithmenos
Elyvilon
Fedhas
Gozag
Hepliaklqana
Kikubaaqudgha
Makhleb
Nemelex Xobeh
Okawaru
Qazlal
Ru
Sif Muna
Trog
Uskayaw
Vehumet
Wu Jian
Xom
Yredelemnul
Zin
The Shining One

Shops:
D:9 :

Annotations:
D:8 exclusion: 4 oklob plants


Innate Abilities, Weirdness & Mutations

You have a pair of horns on your head.
You reflexively headbutt those who attack you in melee.


Message History

You are splashed with acid.
You are too injured to fight recklessly!
Unknown command.
You are too injured to fight recklessly!
Unknown command.
Unknown command.
You are too injured to fight recklessly!
You completely miss the red ugly thing. You closely miss the tengu warrior.
You barely miss the brown ugly thing. You barely miss the red ugly thing.
The tengu warrior hits you with a +0 war axe!
* * * LOW HITPOINT WARNING * * *
The tengu warrior pecks you but does no damage.
The tengu warrior claws you.
* * * LOW HITPOINT WARNING * * *
The red ugly thing completely misses you.
The red ugly thing gores you.
* * * LOW HITPOINT WARNING * * *
You are engulfed in flames!
* * * LOW HITPOINT WARNING * * *
You slash the red ugly thing! You freeze the red ugly thing.
Your headbutt misses the red ugly thing.
The red ugly thing is lightly wounded.
The tengu warrior blocks your attack.
You slice the brown ugly thing!! You freeze the brown ugly thing.
You barely miss the red ugly thing. You slice the purple ugly thing!!
You freeze the purple ugly thing! The brown ugly thing misses you.
You block the tengu warrior's attack. x2
The tengu warrior completely misses you.
Unknown command.
You barely miss the purple ugly thing.
Your headbutt misses the purple ugly thing.
The purple ugly thing is severely wounded.
You slice the red ugly thing!! You freeze the red ugly thing!
You slash the tengu warrior! You freeze the tengu warrior.
You closely miss the brown ugly thing. You closely miss the red ugly thing.
The purple ugly thing kicks you!
* * * LOW HITPOINT WARNING * * *
The red ugly thing misses you. The red ugly thing gores you.
* * * LOW HITPOINT WARNING * * *
You are engulfed in flames!!
You die...

#....................
#....................
#....................
#....................
#.........######
#.........#
#.........#
#...[.....#
#..u@u....#
#..uuQ....#
#.........#
#.......[.#
#.........#
#.........#
#.........#
#..........


You could see 4 ugly things and a tengu warrior.

Vanquished Creatures
  Gastronok (D:8)
  A vault guard (D:13)
  2 boulder beetles
  2 hydras
  7 two-headed ogres
  3 death yaks
  3 centaur warriors
  A tengu warrior (D:12)
  Sonja (D:11)
  A wizard (D:14)
  4 deep elf pyromancers
  4 cyclopes
  4 manticores
  11 ugly things
  A black mamba (shapeshifter) (D:14)
  Maurice (D:10)
  3 kobold demonologists (D:11)
  An unseen horror (D:12)
  Psyche (D:8)
  Maggie (D:10)
  2 tengu conjurers
  4 trolls
  5 slime creatures
  A hornet (D:8)
  2 shadows
  The ghost of CertainDeath the Digger, an amateur GrEE (D:4)
  3 wyverns
  20 yaks
  A vampire (D:6)
  2 wraiths
  A human (D:10)
  4 hogs (D:10)
  A steam dragon (D:7)
  3 basilisks
  An acid dragon (D:9)
  4 water moccasins
  A floating eye (D:8)
  3 orc warriors
  3 sky beasts
  3 ice beasts
  2 ogres
  7 centaurs
  A phantom (D:6)
  7 bullfrogs
  6 kobold brigands
  A necrophage (D:7)
  4 scorpions
  A gnoll sergeant (D:11)
  4 wights (D:5)
  3 killer bees (D:10)
  7 howler monkeys
  10 hounds
  2 orc priests (D:6)
  3 jellies
  2 gnoll boudas
  Terence (D:3)
  7 iguanas
  Natasha (D:3)
  15 orc wizards
  2 hell rats (D:10)
  Robin (D:3)
  9 gnolls
  2 river rats (D:10)
  5 adders
  2 shadow imps
  2 dart slugs
  35 orcs
  3 bats
  10 endoplasms
  A giant cockroach (D:4)
  17 goblins
  6 hobgoblins
  2 jackals (D:4)
  4 quokkas
  3 ball pythons
  2 frilled lizards
  16 kobolds
  6 rats
330 creatures vanquished.

Vanquished Creatures (others)
  A plant (D:8)
1 creature vanquished.

Grand Total: 331 creatures vanquished

Notes
Turn   | Place    | Note
-------+----------+-------------------------------------------
     0 | D:1      | Zeld the Minotaur Berserker began the quest for the Orb.
     0 | D:1      | Reached XP level 1. HP: 19/19 MP: 0/0
   621 | D:1      | Reached XP level 2. HP: 27/27 MP: 1/1
   884 | D:2      | Reached skill level 4 in Axes
  1494 | D:2      | Reached XP level 3. HP: 32/33 MP: 2/2
  2210 | D:3      | Found a faded altar of an unknown god.
  2874 | D:3      | Noticed Terence
  2897 | D:3      | Killed Terence
  2898 | D:3      | Reached XP level 4. HP: 27/40 MP: 3/3
  3043 | D:3      | Noticed Robin
  3061 | D:3      | Killed Robin
  3085 | D:3      | Found an opulent altar of Gozag.
  3261 | D:3      | Noticed Natasha
  3267 | D:3      | Killed Natasha
  3267 | D:3      | Reached ** piety under Trog
  3268 | D:3      | Reached skill level 5 in Axes
  3416 | D:3      | Identified the +2 troll leather armour of Ciuhigue {rN+
                  | Regen+ Str+4 Int+3 Slay+2}
  3704 | D:4      | Reached XP level 5. HP: 47/47 MP: 4/4
  3880 | D:4      | Noticed an ogre
  3886 | D:4      | Killed an ogre
  3887 | D:4      | Reached skill level 5 in Fighting
  3887 | D:4      | Reached skill level 6 in Axes
  3887 | D:4      | Reached XP level 6. HP: 56/56 MP: 5/5
  4290 | D:4      | Found a runed translucent door.
  4291 | D:4      | Noticed CertainDeath's ghost (amateur GrEE)
  4451 | D:5      | Entered Level 5 of the Dungeon
  4451 | D:5      | Noticed a water moccasin
  4451 | D:5      | Noticed a water moccasin
  4463 | D:4      | Killed a water moccasin
  4464 | D:4      | Reached XP level 7. HP: 49/61 MP: 6/6
  4595 | D:5      | Reached skill level 7 in Axes
  4660 | D:5      | Reached skill level 5 in Armour
  4989 | D:5      | Reached XP level 8. HP: 33/61 MP: 3/7
  5038 | D:5      | Reached skill level 8 in Axes
  5038 | D:5      | Reached skill level 5 in Dodging
  5338 | D:6      | Reached skill level 9 in Axes
  5405 | D:6      | Reached XP level 9. HP: 79/79 MP: 8/8
  5525 | D:6      | Found a staircase to the Ecumenical Temple.
  5549 | Temple   | Entered the Ecumenical Temple
  5916 | D:6      | Reached *** piety under Trog
  6017 | D:6      | Reached skill level 10 in Axes
  6622 | D:7      | Noticed a two-headed ogre
  6629 | D:7      | Killed a two-headed ogre
  6630 | D:7      | Reached skill level 11 in Axes
  6674 | D:7      | Noticed a two-headed ogre
  6790 | D:7      | Killed a two-headed ogre
  6791 | D:7      | Reached XP level 10. HP: 43/90 MP: 2/9
  7122 | D:7      | Found a glowing silver altar of Zin.
  7326 | D:7      | Reached **** piety under Trog
  7327 | D:7      | Reached skill level 12 in Axes
  7449 | D:7      | Noticed a manticore
  7449 | D:7      | Noticed a two-headed ogre
  7459 | D:7      | Killed a two-headed ogre
  7463 | D:7      | Killed a manticore
  7546 | D:7      | Noticed an eight-headed hydra
  7546 | D:7      | Noticed a deep elf pyromancer
  7675 | D:7      | Killed an 11-headed hydra
  7676 | D:7      | Reached skill level 13 in Axes
  7755 | D:7      | Killed a deep elf pyromancer
  7855 | D:8      | Noticed a two-headed ogre
  7861 | D:8      | Killed a two-headed ogre
  7862 | D:8      | Reached XP level 11. HP: 75/99 MP: 6/10
  7869 | D:8      | Reached skill level 10 in Fighting
  8017 | D:8      | Noticed an oklob plant
  8017 | D:8      | Noticed an oklob plant
  8020 | D:8      | Noticed an oklob plant
  8025 | D:8      | Noticed an oklob plant
  8035 | D:8      | Paralysed by a floating eye for 2 turns
  8384 | D:8      | Noticed Gastronok
  8403 | D:8      | Killed Gastronok
  8404 | D:8      | Reached skill level 14 in Axes
  8404 | D:8      | Reached skill level 10 in Armour
  8595 | D:8      | Found a hide-covered altar of Uskayaw.
  8842 | D:8      | Noticed Psyche
  8881 | D:8      | Killed Psyche
  8976 | D:8      | Found a blossoming altar of Fedhas.
  9238 | D:4      | Killed CertainDeath's ghost
  9441 | D:9      | Found Jesee's Book Emporium.
  9443 | D:9      | Noticed a two-headed ogre
  9460 | D:9      | Killed a two-headed ogre
  9576 | D:9      | Found a bloodstained altar of Trog.
  9577 | D:9      | Found an ornate altar of the Wu Jian Council.
  9611 | D:9      | Reached ***** piety under Trog
 10260 | D:10     | Entered Level 10 of the Dungeon
 10364 | D:10     | Noticed Maggie
 10377 | D:10     | Noticed Maurice
 10391 | D:10     | Killed Maggie
 10414 | D:9      | Reached skill level 15 in Axes
 10538 | D:10     | Killed Maurice
 10579 | D:10     | Reached XP level 12. HP: 110/110 MP: 11/11
 10590 | D:10     | Found a staircase to the Lair.
 10590 | D:10     | Noticed a death yak
 10590 | D:10     | Noticed a death yak
 10590 | D:10     | Noticed a death yak
 10942 | D:10     | Found a sparkling altar of Nemelex Xobeh.
 11037 | D:10     | Reached skill level 10 in Dodging
 11368 | D:9      | Killed a death yak
 11892 | D:10     | Found a staircase to the Lair.
 11917 | D:10     | Killed a death yak
 12076 | D:10     | Killed a death yak
 12156 | D:10     | Received a gift from Trog
 12222 | D:10     | Found a sparkling altar of Nemelex Xobeh.
 12506 | D:11     | Noticed Sonja
 12538 | D:11     | Killed Sonja
 12791 | D:11     | Noticed a six-headed hydra
 12798 | D:11     | Killed a two-headed hydra
 12979 | D:12     | Noticed a two-headed ogre
 12980 | D:12     | Noticed a two-headed ogre
 12985 | D:11     | Reached skill level 16 in Axes
 13130 | D:12     | Killed a two-headed ogre
 13136 | D:11     | Killed a two-headed ogre
 13585 | D:12     | Noticed a boulder beetle
 13758 | D:12     | Found a staircase to the Orcish Mines.
 13844 | D:12     | Killed a boulder beetle
 13925 | D:12     | Noticed a tengu warrior
 13933 | D:12     | Killed a tengu warrior
 14263 | D:12     | Reached XP level 13. HP: 92/119 MP: 12/12
 14326 | D:13     | Received a gift from Trog
 14327 | D:13     | Reached skill level 17 in Axes
 14754 | D:13     | Found a gate to the Vaults.
 15746 | D:14     | Slain by a red ugly thing

Illustrated notes

Levels and vault maps discovered:
D:1:      elethiomel_arrival_shortcut, layout_basic
D:2:      layout_basic, serial_rivers, chequers_serial_rivers_small_3,
          chequers_serial_rivers_micro_b, chequers_serial_rivers_small_b,
          chequers_serial_rivers_micro_e, chequers_serial_rivers_micro_c,
          kennysheep_generic_room_3
D:3:      layout_loops_ring, nicolae_gozag_cash_rules_everything_around_me,
          nicolae_ecumenical_oubliette, uniq_terence, uniq_robin, uniq_natasha
D:4:      layout_basic, ebering_ghost_sewer_d, minivault_4, roderic_lattice_a
D:5:      layout_rooms
D:6:      layout_loops_ring, minmay_temple_entry_glass,
          kennysheep_generic_room_15
D:7:      nzn_winding_woodlands_stair_cross
          [nzn_winding_woodlands_5x15_split_checker,
          nzn_winding_woodlands_center_diamonds,
          nzn_winding_woodlands_5x15_jagged,
          nzn_winding_woodlands_5x5_open_star,
          nzn_winding_woodlands_5x5_checkerboard,
          nzn_winding_woodlands_5x15_concentric,
          nzn_winding_woodlands_center_lodge,
          nzn_winding_woodlands_5x15_parted], layout_loops_cross, zin_academy
D:8:      layout_basic, overflow_temple_1_default, nicolae_uskayaw_dance_studio,
          disabler_island, uniq_gastronok, uniq_psyche
D:9:      layout_basic, gammafunk_temple_overflow_pools, serial_shops, shop,
          serial_glass, glass_columns_a, glass_columns_c, glass_columns_b,
          glass_columns_a, glass_columns_b, glass_columns_a, glass_columns_c,
          glass_columns_b
D:10:     layout_irregular_city, mainiacjoe_overflow_paths, dpeg_lair_monsters,
          grunt_livestock, uniq_maggie, uniq_maurice
D:11:     layout_cave_pools, uniq_sonja
D:12:     layout_irregular_city, orc_0_dummy
D:13:     layout_long_grid, david_vaults_5, serial_park_tiny_2,
          nicolae_twisting_strands, dreamdust_princess_corridor, minivault_23
D:14:     minmay_weird_star, layout_irregular_city
Temple:   regret_index_temple_generic_petals

Skill      XL: |  1  2  3  4  5  6  7  8  9 10 11 12 13 |
---------------+----------------------------------------+-----
Axes           | 4 5 6 7 9 11 13 15 16 17 | 17.9
Fighting       | 4 5 6 7 8 9 11 12 13 | 13.2
Armour         | 3 4 5 6 8 9 10 12 | 12.9
Dodging        | 3 4 6 7 8 9 11 | 11.9

Action                   |  1- 3 |  4- 6 |  7- 9 | 10-12 | 13-15 || total
-------------------------+-------+-------+-------+-------+-------++-------
Melee: Hand axe          |    87 |    35 |       |       |       ||   122
       Headbutt          |    11 |    13 |    21 |   113 |    25 ||   183
       Battleaxe         |       |    41 |   135 |   331 |       ||   507
       Broad axe         |       |       |       |   106 |    43 ||   149
       Executioner's axe |       |       |       |       |    51 ||    51
Invok: Berserk           |       |     1 |     3 |     6 |     1 ||    11
       Trog's Hand       |       |       |     1 |       |       ||     1
  Use: Scroll            |       |       |       |    13 |     5 ||    18
 Stab: Sleeping          |     1 |       |     5 |     3 |     2 ||    11
Armor: Animal skin       |    15 |       |       |       |       ||    15
       Plate armour      |    14 |    30 |       |       |       ||    44
       Troll leather arm |       |    23 |    40 |   189 |    44 ||   296
       Skin              |       |       |       |    12 |       ||    12
Dodge: Dodged            |    45 |    62 |   117 |   294 |    52 ||   570
Block: Other             |       |       |       |    47 |    25 ||    72
       Reflection        |       |       |       |     6 |       ||     6
